 Dungeon Crawl Stone Soup version 0.23.0 (webtiles) character file.

Game seed: 24428275247840948

2267 Lavandula the Cruncher (level 9, -4/48 HPs)
             Began as a Gargoyle Gladiator on Feb 12, 2019.
             Was a Priest of Ru.
             Killed from afar by a gargoyle (27 damage)
             ... with a stone arrow
             ... on level 7 of the Dungeon.
             The game lasted 00:15:57 (5362 turns).

Lavandula the Cruncher (Gargoyle Gladiator)         Turns: 5362, Time: 00:15:58

Health: -4/48      AC: 11    Str: 20    XL:     9   Next: 38%
Magic:  9/9        EV: 12    Int: 10    God:    Ru [***...]
Gold:   55         SH:  0    Dex: 11    Spells: 0/8 levels left

rFire    . . .     SeeInvis +   m - +2 flail (drain)
rCold    . . .     Gourm    .   (shield unavailable)
rNeg     + . .     Faith    .   b - +0 leather armour
rPois    ∞         Spirit   .   c - +0 helmet
rElec    +         Reflect  .   (no cloak)
rCorr    .         Harm     .   k - +0 pair of gloves
MR       .....                  (no boots)
Stlth    +.........             (no amulet)
HPRegen  0.16/turn              (ring unavailable)
MPRegen  0.11/turn              G - ring of see invisible

@: exhausted, drained
A: negative energy resistance 1, electricity resistance, unbreathing,
petrification resistance, rot immunity, missing a hand, AC +6
a: Draw Out Power, Renounce Religion


You were on level 7 of the Dungeon.
You worshipped Ru.
Ru was most pleased with you.
You were not hungry.

You visited 1 branch of the dungeon, and saw 7 of its levels.

You collected 207 gold pieces.
You spent 152 gold pieces at shops.

Inventory:

Hand Weapons
 a - a +0 quarterstaff
 m - a +2 flail of draining (weapon)
 B - a +1 mace of holy wrath
Missiles
 d - 3 throwing nets
 t - 8 javelins (quivered)
Armour
 b - a +0 leather armour (worn)
 c - a +0 helmet (worn)
 k - a +0 pair of gloves (worn)
Jewellery
 A - an uncursed ring of positive energy
 G - a ring of see invisible (right hand)
Wands
 C - a wand of polymorph (11)
Scrolls
 g - 4 scrolls of teleportation
 i - 3 scrolls of immolation
 l - 5 scrolls of enchant armour {unknown}
 n - 3 scrolls of remove curse {unknown}
 o - 3 scrolls of blinking {unknown}
 r - 2 scrolls of random uselessness {unknown}
 s - 2 scrolls of fog
 u - a scroll of brand weapon {unknown}
 v - a scroll of fear {unknown}
 w - a scroll of amnesia {unknown}
 x - a scroll of magic mapping {unknown}
 y - a scroll of enchant weapon {unknown}
 F - a scroll of identify
 H - a scroll of noise {unknown}
Potions
 e - a potion of cancellation
 h - a potion of ambrosia {unknown}
 j - a potion of resistance {unknown}
 p - 3 potions of curing
 q - a potion of berserk rage
 z - 2 potions of brilliance {unknown}
 D - a potion of heal wounds
 E - a potion of agility
Comestibles
 f - 4 rations
 I - a chunk of flesh


   Skills:
 - Level 2.1(1.5) Fighting
 + Level 8.2(9.4) Maces & Flails
 - Level 9.5(10.0) Staves
 - Level 1.7(1.1) Throwing
 - Level 2.4(1.8) Dodging


You couldn't memorise any spells.
You knew the following spells:

 Your Spells              Type           Power        Failure   Level  Hunger
a - Regeneration          Chrm/Necr      #.........   80%         3    ####...
b - Spectral Weapon       Hex/Chrm       #.......     80%         3    ####...
c - Shroud of Golubria    Chrm/Tloc      #.........   56%         2    ###....

Your spell library contained the following spells:

 Spells                   Type           Power        Failure   Level  Hunger
 Infusion                 Chrm           #...         41%         1    ##.....
 Summon Small Mammal      Summ           #...         41%         1    ##.....
 Call Imp                 Summ           #.......     56%         2    ###....
 Song of Slaying          Chrm           #.......     56%         2    ###....
 Call Canine Familiar     Summ           #.......     80%         3    ####...
 Summon Guardian Golem    Hex/Summ       #.......     80%         3    ####...
 Summon Ice Beast         Ice/Summ       #.......     99%         4    #####..
 Summon Lightning Spire   Summ/Air       #.......     99%         4    #####..
 Bolt of Magma            Conj/Fire/Erth #.........   100%        5    ######.
 Iskenderun's Battlesphe  Conj/Chrm      #.......     100%        5    ######.
 Venom Bolt               Conj/Pois      #.........   100%        5    ######.
 Iron Shot                Conj/Erth      #.........   100%        6    #######
 Orb of Destruction       Conj           #.........   100%        7    #######
 Spellforged Servitor     Conj/Summ      #.........   100%        7    #######


Dungeon Overview and Level Annotations

Branches:
Dungeon (7/15)             Temple (0/1) D:5

Altars:
Cheibriados
Hepliaklqana
Nemelex Xobeh
Qazlal
Ru
Sif Muna
Uskayaw
Xom
Zin
The Shining One

Shops:
D:5 !%?(

Annotations:
D:5 exclusion: downstairs


Innate Abilities, Weirdness & Mutations

You are resistant to torment.
Your stone body is resilient. (AC +6)
You are immune to poison.
You resist negative energy. (rN+)
You are resistant to electric shocks. (rElec)
You can survive without breathing.
You are immune to petrification.
You are immune to rotting.
You are missing a hand.


Message History

The gargoyle is lightly damaged.
The gargoyle misses you.
You barely miss the gargoyle.
The gargoyle is lightly damaged.
The gargoyle hits you with a +0 mace.
You are restored by drawing out deep reserves of power within.
You feel drained.
The gargoyle hurls a stone arrow at you.
The stone arrow misses you.
You barely miss the gargoyle.
The gargoyle begins to attack, but is stunned by your will!
Unknown command.
You barely miss the gargoyle.
The gargoyle hurls a stone arrow at you.
The stone arrow hits you!!
Unknown command.
The gargoyle hurls a stone arrow at you.
The stone arrow hits you!!
Ouch! That really hurt!
You die...

#.#### #....#####
##.........
##.....###.
###.......##
##..###.....##
####9.## ###....##
#....## ##.†..##
##...@.## ##....###
##.......# ###....#
###..#......#
#####.... ##
##...##......#
#.....9..
#..###..#####.....#
#........ #....†##
#.....# #........#
#.###.##### ##....#
#.#+####.# #..#..##
#...## # ###
##.....#


You could see a gargoyle.

Vanquished Creatures
  A hornet (D:7)
  Prince Ribbit (D:7)
  Sigmund (D:4)
  A phantom (D:6)
  5 ogres
  A centaur (D:4)
  A bullfrog (D:6)
  2 howler monkeys
  A bullfrog zombie (D:5)
  5 crimson imps
  2 orc wizards (D:5)
  A jelly (D:5)
  3 orc priests (D:5)
  7 hounds
  Jessica (D:2)
  6 worker ants
  A gnoll (D:4)
  A howler monkey skeleton (D:4)
  8 adders
  A shadow imp (D:5)
  2 adder skeletons
  A worm (D:2)
  7 leopard geckos
  14 orcs
  5 giant cockroaches
  6 goblins
  6 hobgoblins
  7 jackals
  8 kobolds
  5 quokkas
  A ball python (D:1)
  6 bats
  3 frilled lizards
  2 leopard gecko skeletons (D:5)
  5 rats
128 creatures vanquished.

Vanquished Creatures (others)
  5 dream sheep (D:5)
5 creatures vanquished.

Grand Total: 133 creatures vanquished

Notes
Turn   | Place    | Note
-------+----------+-------------------------------------------
     0 | D:1      | Lavandula the Gargoyle Gladiator began the quest for the
                  | Orb.
     0 | D:1      | Reached XP level 1. HP: 12/12 MP: 1/1
   259 | D:1      | Reached XP level 2. HP: 17/17 MP: 2/2
   395 | D:1      | Reached skill level 4 in Staves
   429 | D:1      | Reached XP level 3. HP: 15/21 MP: 3/3
   612 | D:2      | Found a stormy altar of Qazlal.
   613 | D:2      | Noticed Jessica
   640 | D:2      | Killed Jessica
  1004 | D:2      | Noticed a fire elemental
  1004 | D:2      | Noticed an air elemental
  1005 | D:2      | Noticed a water elemental
  1005 | D:2      | Noticed an earth elemental
  1013 | D:2      | Reached XP level 4. HP: 24/26 MP: 4/4
  1069 | D:2      | Found a sparkling altar of Nemelex Xobeh.
  1086 | D:2      | Reached skill level 5 in Staves
  1375 | D:2      | Found a snail-covered altar of Cheibriados.
  1556 | D:2      | Reached XP level 5. HP: 30/30 MP: 5/5
  1657 | D:3      | Found a hide-covered altar of Uskayaw.
  1995 | D:3      | Found a sacrificial altar of Ru.
  2000 | D:3      | Became a worshipper of Ru the Awakened
  2107 | D:4      | Reached skill level 6 in Staves
  2198 | D:4      | Noticed an ogre
  2203 | D:3      | Found a glowing silver altar of Zin.
  2225 | D:4      | Killed an ogre
  2225 | D:4      | Reached XP level 6. HP: 18/35 MP: 6/6
  2247 | D:4      | Reached skill level 7 in Staves
  2537 | D:4      | Found a deep blue altar of Sif Muna.
  2589 | D:4      | Reached XP level 7. HP: 39/40 MP: 7/7
  2695 | D:4      | Reached skill level 8 in Staves
  2711 | D:4      | Noticed Sigmund
  2802 | D:4      | Killed Sigmund
  2812 | D:4      | Reached skill level 9 in Staves
  2875 | D:5      | Entered Level 5 of the Dungeon
  3166 | D:5      | Reached XP level 8. HP: 44/44 MP: 8/8
  3198 | D:5      | Found Akkol's Antique Weapon Shoppe.
  3302 | D:5      | Gained mutation: You are missing a hand. [Ru sacrifice]
  3302 | D:5      | Reached * piety under Ru
  3302 | D:5      | Reached ** piety under Ru
  3302 | D:5      | Reached *** piety under Ru
  3337 | D:5      | Found a staircase to the Ecumenical Temple.
  3511 | D:5      | Found Jaetih's Food Shop.
  3542 | D:5      | Found a hazy altar of Hepliaklqana.
  3548 | D:5      | Reached skill level 1 in Maces & Flails
  3646 | D:5      | Noticed a dream sheep
  3646 | D:5      | Noticed a dream sheep
  3646 | D:5      | Noticed a dream sheep
  3646 | D:5      | Noticed a dream sheep
  3646 | D:5      | Noticed a dream sheep
  3646 | D:5      | Found a shimmering altar of Xom.
  3651 | D:5      | Killed a dream sheep
  3652 | D:5      | Killed a dream sheep
  3652 | D:5      | Killed a dream sheep
  3652 | D:5      | Killed a dream sheep
  3653 | D:5      | Killed a dream sheep
  3917 | D:5      | Found Guisuhio's Distillery.
  3922 | D:5      | Bought a potion of heal wounds for 70 gold pieces
  3922 | D:5      | Bought a potion of agility for 56 gold pieces
  3962 | D:5      | Found Viuthren's Magic Scroll Shop.
  3966 | D:5      | Bought a scroll of fog for 26 gold pieces
  4196 | D:5      | Reached skill level 5 in Maces & Flails
  4446 | D:6      | Learned a level 3 spell: Regeneration
  4836 | D:7      | Reached XP level 9. HP: 48/48 MP: 9/9
  4855 | D:6      | Learned a level 3 spell: Spectral Weapon
  4858 | D:6      | Learned a level 2 spell: Shroud of Golubria
  5027 | D:6      | Noticed a two-headed ogre
  5051 | D:6      | Noticed a shock serpent
  5051 | D:6      | a two-headed ogre changed into a shock serpent
  5101 | D:7      | Found a glowing golden altar of the Shining One.
  5104 | D:7      | Noticed a hornet
  5135 | D:7      | Killed a hornet
  5270 | D:7      | Noticed Prince Ribbit
  5280 | D:7      | Killed Prince Ribbit
  5319 | D:7      | Noticed a gargoyle
  5362 | D:7      | Killed from afar by a gargoyle

Skill      XL: |  1  2  3  4  5  6  7  8  9 |
---------------+----------------------------+-----
Staves         | 4 5 6 7 9 |  9.5
Maces & Flails | 6 8 |  8.2
Fighting       | |  2.1
Throwing       | |  1.7
Dodging        | |  2.4

Action                   |  1- 3 |  4- 6 |  7- 9 || total
-------------------------+-------+-------+-------++-------
Melee: Quarterstaff      |    96 |   199 |    80 ||   375
       Flail             |       |       |   186 ||   186
Throw: Javelin           |       |       |     9 ||     9
Invok: Sacrifice a Hand  |       |       |     1 ||     1
       Draw Out Power    |       |       |     4 ||     4
Evoke: Wand              |       |       |     1 ||     1
  Use: Scroll            |       |       |     6 ||     6
 Stab: Distracted        |       |     1 |     1 ||     2
  Eat: Chunk             |       |     6 |     6 ||    12
       Ration            |       |       |     1 ||     1
Armor: Leather armour    |    38 |    68 |    85 ||   191
Dodge: Dodged            |    77 |   128 |   126 ||   331
